 Dungeon Crawl Stone Soup version 0.30-a0-1124-g6e8f0f562f (webtiles) character file.

Game seed: 11374741097362542252

168 Jeffwins the Changer (level 5, -6/38 HPs)
             Began as a Human Wanderer on Apr 23, 2023.
             Killed by nerve-wracking pain
             ... invoked by Grinder
              (14 damage)
             ... on level 3 of the Dungeon.
             The game lasted 00:05:42 (3283 turns).

Jeffwins the Changer (Human Wanderer)               Turns: 3283, Time: 00:05:43

Health: -6/38      AC:  6    Str: 12    XL:     5   Next: 78%
Magic:  0/8        EV: 12    Int: 15    God:
Gold:   157        SH:  0    Dex: 12    Spells: 7/8 levels left

rFire   . . .        a - +2 dagger
rCold   + . .        (no shield)
rNeg    . . .        y - +1 leather armour {rC+}
rPois   .            o - +0 helmet
rElec   .            (no cloak)
rCorr   .            c - +0 pair of gloves
SInv    .            (no boots)
Will    .....        g - amulet of regeneration
Stlth   +            (no ring)
HPRegen 1.06/turn    (no ring)
MPRegen 0.11/turn

%: no passive effects
@: very slightly contaminated
A: no striking features
a: no special abilities


You were on level 3 of the Dungeon.
You visited 1 branch of the dungeon, and saw 3 of its levels.

You collected 157 gold pieces.


   Skills:
 + Level 1.8 Fighting
 * Level 2.8 Throwing
 + Level 2.4 Dodging
 + Level 1.2 Stealth
 * Level 2.1 Spellcasting
 * Level 4.4 Transmutations
 * Level 2.0 Poison Magic
 + Level 0.2 Evocations


You had 7 spell levels left.
You knew the following spells:

 Your Spells              Type           Power      Damage    Failure   Level
z - Sting                 Tmut/Pois      44%        1d5       8%          1

Your spell library contained the following spells:

 Spells                   Type           Power      Damage    Failure   Level
 Ignite Poison            Fire/Tmut/Pois 8%         N/A       34%         3
 Summon Guardian Golem    Hex/Summ       1%         N/A       63%         3
 Orb of Destruction       Conj           0%         9d5       100%        7
 Spellforged Servitor     Conj/Summ      0%         N/A       100%        7

Inventory:

Hand Weapons
 a - a +2 dagger (weapon)
 q - a +0 flail of protection
Missiles
 b - 4 curare-tipped darts (quivered) {=f}
 n - 5 atropa-tipped darts
Armour
 c - a +0 pair of gloves (worn)
 o - a +0 helmet (worn)
 y - a +1 leather armour of cold resistance (worn)
Jewellery
 g - an amulet of regeneration (around neck)
Wands
 x - a wand of acid (8)
 z - a wand of polymorph (8)
Scrolls
 f - a scroll of fear {unknown}
 h - a scroll of vulnerability {unknown}
 i - a scroll of immolation {unknown}
 k - 3 scrolls of identify {unknown}
 l - a scroll of acquirement {unknown}
 m - a scroll of poison {unknown}
 p - a scroll of fog {unknown}
 u - a scroll of amnesia {unknown}
 v - 2 scrolls of teleportation {unknown}
Potions
 d - a potion of attraction {!q}
 e - a potion of lignification {unknown}
 j - 2 potions of cancellation {unknown}
 r - 2 potions of degeneration {unknown}
 s - a potion of curing {unknown}
 t - a potion of haste {unknown}
 w - a potion of ambrosia {unknown}

Dungeon Overview and Level Annotations

Branches:
Dungeon (3/15)

Altars:

Annotations:
D:3 Grinder

#.# #.# # #.# ###### #.# ###
#.# ###.....# #.# #.. #.#
#.. ....## #.# #.# #.#
#.#.##...######.#####.#
#.####.#.##................#
#........##...#####.#####...
######.####5# #.##......
#.####@# #.##.##..# #......#
#.##.##..# #####..#
#........# ▒▒.▒ ####..#...
≈.~▒ ##.##.# ▒.▒▒ ▒####.##..
... ▒......### ▒≈▒
▒#.......# ▒▒ #.##..#.#


You could see Grinder (extremely poisoned).


Message History

Grinder looks as sick as possible!
Grinder is severely wounded.
Grinder hits you.
* * * LOW HITPOINT WARNING * * *
You writhe in agony.
* * * LOW HITPOINT WARNING * * *
Casting: Sting (safe; 8% risk of failure)
Confirm with . or Enter, or press ? or * to list all spells.
You don't have enough magic to cast this spell.
Unknown command.
Unknown command.
Unknown command.
You barely miss Grinder.
Grinder is severely wounded.
Grinder gestures at you. Pain shoots through your body!
* * * LOW HITPOINT WARNING * * *
Unknown command.
Unknown command.
Casting: Sting (safe; 8% risk of failure)
Confirm with . or Enter, or press ? or * to list all spells.
Aiming: Sting (safe; 8% risk of failure)
Press: ? - help, Shift-Dir - straight line, f/p - Grinder
Aim: Grinder (severely wounded, extremely poisoned, 68% to hit)
The sting hits Grinder.
Grinder partially resists.
Grinder looks as sick as possible!
Grinder is severely wounded.
Grinder gestures at you. Pain shoots through your body!
You die...

Skill      XL: |  1  2  3  4  5 |
---------------+----------------+-----
Poison Magic   | 1 2 |  2.0
Stealth        | 1 |  1.2
Spellcasting   | 2 |  2.1
Fighting       | |  1.8
Throwing       | |  2.8
Dodging        | |  2.4
Transmutations | |  4.4
Evocations     | |  0.2

Action                     |  1- 3 |  4- 6 || total
---------------------------+-------+-------++-------
  Melee: Dagger            |    57 |    41 ||    98
         Punch             |     1 |       ||     1
  Throw: Dart              |       |     2 ||     2
   Cast: Sting             |    44 |    68 ||   112
  Evoke: Wand              |       |     2 ||     2
 Armour: Robe              |    31 |    23 ||    54
         Leather armour    |       |     4 ||     4
  Dodge: Dodged            |    58 |    73 ||   131

Levels and vault maps discovered:
D:1:      dpeg_arrival_simpleton_b, layout_loops_corners, grunt_decor_one_mirror
D:2:      layout_basic, chequers_decorated_corner, uniq_robin
D:3:      layout_loops_cross, amethyst_overflow_temple_binary,
          shapermc_ecumenical_altar_petra, uniq_terence, uniq_natasha,
          uniq_grinder, uniq_ijyb, uniq_jessica

Notes
Turn   | Place    | Note
-------+----------+-------------------------------------------
     0 | D:1      | Jeffwins the Human Wanderer began the quest for the Orb.
     0 | D:1      | Jeffwins set off with the following items: a +2 dagger, 4
                  | curare-tipped darts {=f}, a +0 pair of gloves, a potion of
                  | attraction {!q}, a +0 robe; and the following spell
                  | memorised: Sting; and the following spells available to
                  | memorise: Ignite Poison.
     0 | D:1      | Reached XP level 1. HP: 15/15 MP: 2/2
   351 | D:1      | Reached XP level 2. HP: 18/21 MP: 0/3
  1027 | D:1      | Reached XP level 3. HP: 26/26 MP: 0/5
  1162 | D:2      | Reached skill level 1 in Poison Magic
  1321 | D:2      | Noticed Robin
  1476 | D:1      | Killed Robin
  1477 | D:1      | Reached XP level 4. HP: 14/32 MP: 0/6
  2310 | D:2      | Reached skill level 1 in Stealth
  2863 | D:3      | Noticed Ijyb
  2871 | D:3      | Killed Ijyb
  2872 | D:3      | Reached XP level 5. HP: 11/38 MP: 0/7
  3060 | D:3      | Noticed Natasha
  3069 | D:3      | Killed Natasha
  3070 | D:3      | Reached skill level 2 in Spellcasting
  3130 | D:3      | Noticed Natasha
  3142 | D:3      | Killed Natasha
  3143 | D:3      | Reached skill level 2 in Poison Magic
  3270 | D:3      | Noticed Grinder
  3283 | D:3      | Killed from afar by Grinder

Vanquished Creatures
  Ijyb (D:3)
  Natasha (twice) (D:3)
  Robin (D:1)
  An adder (D:3)
  3 orcs (D:3)
  6 ball pythons
  2 endoplasms (D:2)
  4 giant cockroaches
  15 goblins
  9 hobgoblins
  4 quokkas
  7 bats
  3 frilled lizards
  2 kobolds
  6 rats
66 creatures vanquished.

Table legend: (Time is in decaauts)
 A = Elapsed time spent in this place.
 B = Non-inter-level travel time spent in this place.
 C = Inter-level travel time spent in this place.
 D = Time resting spent in this place.
 E = Time spent auto-exploring this place.
 F = Levels seen in this place.
 G = Mean time per level.
                   A        B        C        D        E       F      G
               +--------+--------+--------+--------+--------+-----+--------+
         Total |   3284 |   3246 |     38 |    331 |   2383 |   3 | 1094.7 |
       Dungeon |   3284 |   3246 |     38 |    331 |   2383 |   3 | 1094.7 |
               +--------+--------+--------+--------+--------+-----+--------+

Top non-repeatable levels by time:
     D:1: 1364 daAuts
     D:2: 1114 daAuts
     D:3: 805 daAuts

Table legend:
 A = Non-vault XP
 B = Vault XP
 C = Vault XP percentage of total XP
 D = Non-vault monster count
 E = Vault monster count
 F = Vault count percentage of total count
                 A         B        C        D         E       F
            +---------+---------+-------+---------+---------+-------
      Total |     131 |     110 |  45.6 |      51 |      15 |  22.7
            +---------+---------+-------+---------+---------+-------
        D:1 |      31 |      25 |  44.6 |      20 |       6 |  23.1
        D:2 |      33 |      14 |  29.8 |      20 |       7 |  25.9
        D:3 |      67 |      71 |  51.4 |      11 |       2 |  15.4
            +---------+---------+-------+---------+---------+-------
